AoeStats
← PannaCota5749

Oasis

509768177Analyzed
2v2 RM · 3d ago on Sep 27, 2026· 48m 25s· 4 players
Game mode
Random Map
Map size
Medium (4 player)
Population
200
Speed
Normal
Resources
Standard
Victory
Conquest
Starting age
Dark Age
Ending age
Imperial Age
RankedLock teamsTeams togetherTeam positionsShared explorationLock speedFull tech treeHidden civsTurbo modeCheats
Victory
Defeat
🇵🇪 Mongols · Peru
1151
+15
🇨🇱 Franks · Chile
1150
+15
🇺🇸 Saxons · United States
1137
-15
🇺🇸 Celts · United States
1121
-15
mikeshift1
9:05 Loom
11:17 Feudal Age
12:08 Double-Bit Axe
22:21 Castle Age
21:32 Forging
21:54 Horse Collar
22:29 Scale Mail Armor
24:08 Heavy Plow
24:41 Chain Mail Armor
30:37 Iron Casting
30:35 Fletching
35:21 Clerical Recruitment
36:28 Sanctity
42:30 Imperial Age
41:04 Ballistics
40:42 Bodkin Arrow
Hughes80
4:11 Loom
13:09 Feudal Age
13:26 Man-at-Arms
20:49 Castle Age
19:25 Forging
20:25 Fletching
22:27 Scale Mail Armor
34:12 Double-Bit Axe
40:41 Stone Mining
41:01 Horse Collar
43:08 Wheelbarrow
43:26 Pikeman
PannaCota5749
7:30 Loom
9:57 Feudal Age
11:22 Double-Bit Axe
14:00 Arson
16:56 Castle Age
27:04 Scale Barding Armor
32:07 Fletching
32:18 Padded Archer Armor
33:16 Husbandry
41:05 Imperial Age
40:59 Wheelbarrow
41:23 Cavalier
42:55 Bow Saw
43:52 Chain Barding Armor
44:30 Forging
46:35 Ballistics
47:29 Iron Casting
47:08 Light Cavalry
Havoc_
8:21 Feudal Age
8:35 Loom
9:45 Double-Bit Axe
10:20 Horse Collar
18:20 Wheelbarrow
22:38 Castle Age
21:23 Scale Barding Armor
21:56 Forging
23:55 Bloodlines
23:06 Light Cavalry
24:21 Husbandry
28:04 Iron Casting
28:55 Chain Barding Armor
29:47 Bow Saw
34:20 Fletching
37:35 Hand Cart
37:07 Town Watch
42:27 Imperial Age
41:16 Town Patrol
41:10 Gold Mining
41:21 Heavy Plow
42:35 Hussar
44:17 Blast Furnace
43:59 Conscription
45:21 Bodkin Arrow
Connection lost

Rejoining the realm…

Still unreachable

The connection could not be restored.

Session expired

The server has moved on; the page needs a fresh start.